 Dungeon Crawl Stone Soup version 0.29-a0-219-g0a02b1cf4f (webtiles) character file.

Game seed: 4421645601223937795

47 sammy202020 the Skirmisher (level 3, -5/43 HPs)
             Began as a Demonspawn Berserker on Feb 26, 2022.
             Was a Believer of Trog.
             Killed by nerve-wracking pain
             ... invoked by an orc priest
              (14 damage)
             ... on level 4 of the Dungeon.
             The game lasted 00:03:11 (1904 turns).

sammy202020 the Skirmisher (Demonspawn Berserker)   Turns: 1904, Time: 00:03:11

Health: -5/43      AC:  6    Str: 19    XL:     3   Next: 48%
Magic:  3/3        EV: 11    Int:  8    God:    Trog [**....]
Gold:   59         SH:  0    Dex: 12    Spells: 2/2 levels left

rFire   . . .      SeeInvis .   a - +0 mace
rCold   + . .      Faith    .   (no shield)
rNeg    . . .      Spirit   .   l - +0 ring mail
rPois   .          Reflect  .   (no helmet)
rElec   .          Harm     .   (no cloak)
rCorr   .          Rampage  .   (no gloves)
Will    .....                   (no boots)
Stlth   ..........              (no amulet)
HPRegen 0.14/turn               d - ring of flight
MPRegen 0.08/turn               j - ring of protection from cold

@: berserking, flying, very quick
A: sharp scales 1
a: Renounce Religion, Berserk, Trog's Hand


You were on level 4 of the Dungeon.
You worshipped Trog.
Trog was pleased with you.
You visited 1 branch of the dungeon, and saw 3 of its levels.

You collected 59 gold pieces.

Inventory:

Hand Weapons
 a - a +0 mace (weapon)
Armour
 l - a +0 ring mail (worn)
Jewellery
 d - a ring of flight (left hand)
 j - a ring of protection from cold (right hand)
Scrolls
 h - a scroll of fog
 n - a scroll of magic mapping {unknown}
 o - a scroll of teleportation {unknown}
 q - a scroll of torment {unknown}
Potions
 b - a potion of magic {unknown}
 c - 2 potions of heal wounds {unknown}
 e - a potion of resistance {unknown}
 f - a potion of might {unknown}
 g - a potion of degeneration {unknown}
 i - a potion of curing {unknown}
 k - a potion of cancellation {unknown}
 m - a potion of flight {unknown}
 p - 2 potions of mutation {unknown}
 r - a potion of brilliance {unknown}


   Skills:
 + Level 3.5 Fighting
 + Level 3.1 Maces & Flails
 + Level 2.3 Armour
 + Level 2.3 Dodging


You had 2 spell levels left.
You didn't know any spells.
Your spell library was empty.

Dungeon Overview and Level Annotations

Branches:
Dungeon (2/15)

Altars:


Innate Abilities, Weirdness & Mutations

You are partially covered in razor-sharp scales. (AC +1, Slay +1)


Message History

A goblin comes into view. It is wielding a +0 dagger.
The goblin shouts!
You hear a shout!
An orc comes into view. It is wielding a +0 dagger.
The orc shouts!
An orc priest comes into view. It is wielding a +0 trident.
An orc comes into view. It is wielding a +0 club.
The orc priest shouts!
The orc shouts!
The goblin closely misses you.
You hit the goblin.
The goblin is severely wounded.
The goblin hits you but does no damage. The goblin hits you with a +0 dagger.
You closely miss the goblin.
The goblin is severely wounded.
The orc priest looks encouraged for a moment.
The goblin hits you with a +0 dagger.
You hit the goblin.
You kill the goblin!
Trog accepts your kill. The orc misses you.
You closely miss the orc. The orc hits you with a +0 dagger.
The orc priest closely misses you.
You closely miss the orc. The orc misses you.
The orc priest hits you from afar with a +0 trident!
The orc hits you with a +0 club.
You are too injured to fight recklessly!
You are too injured to fight recklessly!
You are too injured to fight recklessly!
You are too injured to fight recklessly!
The orc hits you but does no damage.
The orc priest invokes the aid of Beogh against you.
Beogh smites you!
* * * LOW HITPOINT WARNING * * *
A red film seems to cover your vision as you go berserk!
You feel yourself moving faster!
You feel mighty! The orc barely misses you.
You sock the orc!
You kill the orc!
Trog accepts your kill.
The orc priest mumbles some strange prayers to Beogh against you.
Pain shoots through your body!
You die...

#.........#+#######.......#
#.........# #.......#
#.........# #.......#
.........# #...)...#
........#
####.......####### ##.....
#.................
#.................
#.>...............
#@................
.######)###############.
......oo# ## ........#
.......)# ........#
........# #.....### #.....


You could see an orc priest and an orc.

Vanquished Creatures
  An adder (D:2)
  A dart slug (D:1)
  2 orcs (D:4)
  2 endoplasms
  3 giant cockroaches (D:2)
  6 goblins
  2 hobgoblins
  2 jackals (D:2)
  3 quokkas
  5 ball pythons
  2 bats (D:1)
  2 frilled lizards (D:2)
  2 rats (D:1)
33 creatures vanquished.

Notes
Turn   | Place    | Note
-------+----------+-------------------------------------------
     0 | D:1      | sammy202020 the Demonspawn Berserker began the quest for
                  | the Orb.
     0 | D:1      | Reached XP level 1. HP: 18/18 MP: 1/1
   100 | D:1      | Gained mutation: You are partially covered in razor-sharp
                  | scales. (AC +1, Slay +1) [demonic ancestry]
   100 | D:1      | Reached XP level 2. HP: 5/24 MP: 2/2
  1287 | D:2      | Reached ** piety under Trog
  1288 | D:2      | Reached XP level 3. HP: 22/29 MP: 3/3
  1751 | D:2      | You are sucked into a shaft and drop 2 floors!
  1904 | D:4      | Killed from afar by an orc priest

Illustrated notes

Levels and vault maps discovered:
D:1:      nzn_arrival_depleted_hourglass, layout_basic, palyth_stone_intersect,
          chequers_avenue, minmay_misc_feat_tiny
D:2:      layout_basic, uniq_sigmund
D:4:      gammafunk_wand_slinger, layout_gridville, kennysheep_path_1,
          hangedman_glass_teeth

Skill      XL: |  1  2 |
---------------+-------+-----
Armour         | 2 |  2.3
Dodging        | 2 |  2.3
Maces & Flails | 3 |  3.1
Fighting       | |  3.5

Action                   || total
-------------------------++-------
Melee: Mace              ||    83
Invok: Berserk           ||     1
  Use: Scroll            ||     4
 Stab: Sleeping          ||     1
Armor: Animal skin       ||     4
       Leather armour    ||    18
       Ring mail         ||     7
Dodge: Dodged            ||    59

Table legend: (Time is in decaauts)
 A = Elapsed time spent in this place.
 B = Non-inter-level travel time spent in this place.
 C = Inter-level travel time spent in this place.
 D = Time resting spent in this place.
 E = Time spent auto-exploring this place.
 F = Levels seen in this place.
 G = Mean time per level.
                   A        B        C        D        E       F      G
               +--------+--------+--------+--------+--------+-----+--------+
         Total |   1923 |   1908 |     15 |      0 |   1574 |   3 |  641.0 |
       Dungeon |   1923 |   1908 |     15 |      0 |   1574 |   3 |  641.0 |
               +--------+--------+--------+--------+--------+-----+--------+

Top non-repeatable levels by time:
     D:1: 1038 daAuts
     D:2: 730 daAuts
     D:4: 155 daAuts
